 Dungeon Crawl Stone Soup version 0.18.1-50-g88ac8fd (webtiles) character file.

160 Kokiki the Stinger (level 5, -7/44 HPs)
             Began as a Naga Venom Mage on Sept 17, 2016.
             Mangled by Drunkenshrew's ghost (15 damage)
             ... on level 3 of the Dungeon.
             The game lasted 00:19:04 (2615 turns).

Kokiki the Stinger (Naga Venom Mage)                Turns: 2615, Time: 00:19:05

Health: -7/44      AC:  3    Str:  8    XL:     5   Next: 41%
Magic:  3/9        EV: 10    Int: 16    God:
Gold:   89         SH:  0    Dex: 10    Spells: 3 memorised, 4 levels left

rFire  . . .     SeeInvis +     f - +0 dagger (venom)
rCold  . . .     Gourm    .     a - +0 robe
rNeg   . . .     Faith    .     (no shield)
rPois  +         Spirit   .     (no helmet)
rElec  .         Dismiss  .     h - +0 cloak
rCorr  .         Reflect  .     (no gloves)
SustAt +         Harm     .     (no barding)
MR     .....                    (no amulet)
Stlth  ++........               i - ring of sustain attributes
                                j - ring of wizardry

@: very slow, not resistant to hostile enchantments, unstealthy
A: see invisible, clumsy 1, deformed body, poison resistance, slowness 2, slow
metabolism 1, spit poison 3, weak 1, AC +1
a: Breathe Poison Gas


You were on level 3 of the Dungeon.
You were not hungry.

You visited 1 branch of the dungeon, and saw 3 of its levels.

You collected 89 gold pieces.

Inventory:

Hand Weapons
 f - a +0 dagger of venom (weapon)
Armour
 a - a +0 robe (worn)
 h - a +0 cloak (worn)
Jewellery
 i - a ring of sustain attributes (right hand)
 j - a ring of wizardry (left hand)
Scrolls
 e - 2 scrolls of remove curse
 g - a scroll of magic mapping
Books
 b - a Young Poisoner's Handbook

   Spells                             Type                      Level
   a - Sting                          Conjuration/Poison           1
   b - Cure Poison                    Poison                       2
   c - Mephitic Cloud                 Conjuration/Poison/Air       3
   d - Olgreb's Toxic Radiance        Poison                       4
   e - Venom Bolt                     Conjuration/Poison           5
Comestibles
 c - 3 bread rations
 d - a meat ration
 k - 2 fruits
 l - a beef jerky


   Skills:
 + Level 1.1 Fighting
 + Level 2.2 Dodging
 + Level 3.4 Stealth
 + Level 3.0 Spellcasting
 + Level 1.5 Conjurations
 + Level 6.6 Poison Magic


You had 4 spell levels left.
You knew the following spells:

 Your Spells              Type           Power        Failure   Level  Hunger
a - Sting                 Conj/Pois      ###.         1%          1    #......
b - Cure Poison           Pois           ###.......   1%          2    ##.....
c - Mephitic Cloud        Conj/Pois/Air  ##......     9%          3    ###....


Dungeon Overview and Level Annotations

Branches:
Dungeon (3/15)

Altars:
Elyvilon
Makhleb
Okawaru

Annotations:
D:3 Drunkenshrew's ghost, amateur HuFi


Innate Abilities, Weirdness & Mutations

You cannot wear boots.
Your serpentine skin is tough (AC +1).
You have supernaturally acute eyesight.
Armour fits poorly on your strangely shaped body.
Your system is resistant to poisons.
You cover ground very slowly.
You have a slow metabolism.
You can exhale a cloud of poison.
You are clumsy. (Dex -2)
You are weak. (Str -2)


Message History

Drunkenshrew's ghost hits you but does no damage.
You hit Drunkenshrew's ghost but do no damage.
Drunkenshrew's ghost closely misses you.
You hit Drunkenshrew's ghost but do no damage.
Drunkenshrew's ghost hits you!
You hit Drunkenshrew's ghost.
Drunkenshrew's ghost is lightly damaged.
Drunkenshrew's ghost hits you!
* * * LOW HITPOINT WARNING * * *
Drunkenshrew's ghost hits you.
* * * LOW HITPOINT WARNING * * *
You aren't carrying any potions.
You aren't carrying any potions.
Read which item? (? for menu, Esc to quit)
Okay, then.
Press: ? - help, . - travel You can't see that place. [a rock wall.] Drunkenshrew's ghost hits you!
You die...

,,,,,,,,,*,**##...#†####.##.>.#
***,****,,,* #.#.#.......##.†.#
*,,,,,**,,,* ##...#####.###...###
,,,,,,,*,,,** ##†## #.....⌠....
,,,,,,,*,,*,** #.# *####.....##
,,,_,,,,,***,**#.#####..,##...##.
,,,,,,,*,* **,*#........,,##.##..
,,,,,,,*,***,**#.#####..,,,#.#...
*,,,,,**,,*,**##@## ***,,.....##
***,****,,,** #.W.# *,*..>#.*
,,,,,,,,,*** ##.## *,#...#,*
,,**,,**** #.# *,*..,*,** ****,**
#.# *,,,,,,,,, ,,,,,,**
##)######****,****,
*****,,**######.......# *,****,
*,,,,..).....####.# *,,,,*,
**,**######..#***,*****,**,*,


You could see Drunkenshrew's ghost.

Vanquished Creatures
  Ijyb (D:3)
  A gnoll (D:1)
  4 adders
  A worm (D:2)
  5 dart slugs
  A giant gecko (D:2)
  4 orcs
  10 bats
  3 giant cockroaches
  9 hobgoblins
  4 jackals
  3 quokkas
  3 giant newts
  6 goblins
  4 kobolds
  12 rats
71 creatures vanquished.

Notes
Turn   | Place    | Note
--------------------------------------------------------------
     0 | D:1      | Kokiki the Naga Venom Mage began the quest for the Orb.
     0 | D:1      | Reached XP level 1. HP: 15/15 MP: 3/3
   287 | D:1      | Reached XP level 2. HP: 22/22 MP: 0/5
   376 | D:1      | Reached skill level 6 in Poison Magic
   380 | D:1      | Learned a level 2 spell: Cure Poison
   401 | D:1      | Reached XP level 3. HP: 17/28 MP: 0/6
   589 | D:1      | Learned a level 3 spell: Mephitic Cloud
  1321 | D:2      | Found a faded altar to an unknown god.
  1402 | D:2      | Reached XP level 4. HP: 15/37 MP: 2/7
  1627 | D:2      | Found an iron altar of Okawaru.
  1690 | D:2      | Reached skill level 1 in Conjurations
  1881 | D:2      | Found a burning altar of Makhleb.
  1881 | D:2      | Noticed a balrug
  1892 | D:2      | Noticed a hellwing
  1892 | D:2      | Noticed a hellwing
  1948 | D:2      | Gained mutation: You are clumsy. (Dex -2) [potion of mutation]
  1948 | D:2      | Gained mutation: You can exhale a cloud of poison. [potion of mutation]
  1948 | D:2      | Gained mutation: You are weak. (Str -2) [potion of mutation]
  2327 | D:3      | Noticed Ijyb
  2336 | D:3      | Killed Ijyb
  2336 | D:3      | Reached skill level 1 in Fighting
  2336 | D:3      | Reached XP level 5. HP: 38/44 MP: 7/9
  2365 | D:3      | Found a white marble altar of Elyvilon.
  2589 | D:3      | Noticed Drunkenshrew's ghost (amateur HuFi)
  2615 | D:3      | Mangled by Drunkenshrew's ghost

Skill      XL: |  1  2  3  4  5 |
---------------+----------------+-----
Poison Magic   | 6 |  6.6
Conjurations   | 1 |  1.5
Fighting       | 1 |  1.1
Dodging        | 2 |  2.2
Spellcasting   | 3 |  3.0
Stealth        | |  3.4

Action                   |  1- 3 |  4- 6 || total
-------------------------+-------+-------++-------
Melee: Unarmed           |    38 |       ||    38
       Dagger            |       |    42 ||    42
 Cast: Sting             |    63 |    67 ||   130
       Mephitic Cloud    |       |     4 ||     4
 Abil: Spit Poison       |     7 |     2 ||     9
       Breathe Poison Ga |       |     1 ||     1
  Use: Scroll            |     1 |     4 ||     5
       Potion            |       |     3 ||     3
 Stab: Sleeping          |     1 |     1 ||     2
  Eat: Chunk             |     2 |     2 ||     4
       Beef jerky        |       |     1 ||     1
       Fruit             |       |     1 ||     1
Armor: Robe              |    13 |    10 ||    23
Dodge: Dodged            |    47 |    32 ||    79
